Map: Dusk Towers

Players

Mindele

  • Race: Terran Terran
  • League: Bronze

Blade - Winner!

  • Race: Zerg Zerg
  • League: Bronze

VOD

Have the link to the VOD?

Description

Time

  • Played on: May 26, 2016, 8:38 p.m.
  • Length: 13:25
Show
View Real Time Build Order
Export as new Build Order

Mindele Terran 

Build Orders:  

Get SALT Encoding   

  12  0:02  SCV  
  13  0:14  SCV  
  14  0:18  Supply Depot  
  14  0:26  SCV  
  15  0:40  SCV  
  15  0:42  Barracks  
  16  0:52  SCV  
  16  0:56  Barracks  
  17  1:04  SCV  
  18  1:14  Barracks  
  18  1:17  SCV  
  19  1:30  SCV  
  19  1:32  Marine  
  21  1:38  Supply Depot  
  21  1:42  Orbital Command  
  21  1:44  Marine  
  22  1:51  Marine  
  23  2:01  Marine  
  23  2:05  Barracks  
  23  2:06  Marine  
  25  2:13  Marine  
  26  2:17  Supply Depot  
  26  2:20  Marine  
  27  2:29  Marine, Barracks  
  28  2:32  Marine  
  29  2:43  Marine  
  30  2:55  Marine  
  30  2:56  Marine  
  32  2:59  Supply Depot  
  32  3:02  Marine  
  32  3:03  Marine, Barracks  
  34  3:13  Marine  
  34  3:14  Marine  
  34  3:17  Marine  
  37  3:22  Marine x2  
  37  3:25  Supply Depot  
  39  3:31  Marine  
  40  3:34  Marine  
  40  3:36  Marine  
  42  3:41  Marine  
  42  3:42  Marine  
  42  3:48  Supply Depot  
  44  3:56  Marine  
  44  3:57  Marine  
  45  4:06  Marine  
  40  4:10  Marine x2  
  40  4:17  Marine x3  
  36  4:31  Marine  
  36  4:32  Marine x2  
  36  4:34  Marine  
  36  4:35  Marine  
  40  4:40  Marine  
  41  4:49  Marine x3  
  41  4:52  Marine x2  
  40  4:58  Marine  
  40  5:07  Marine x3  
  40  5:10  Marine x2  
  43  5:16  Marine  
  43  5:19  Refinery  
  43  5:20  Refinery  
  44  5:22  Supply Depot  
  44  5:25  Marine x3  
  44  5:28  Marine x2  
  47  5:33  Marine  
  47  5:43  Marine x3  
  41  5:53  Marine x2  
  43  6:02  Marine x2  
  43  6:03  Marine  
  46  6:09  Marine  
  46  6:10  Marine  
  48  6:17  Marine  
  49  6:20  Marine  
  50  6:28  Marine x2, Factory  
  52  6:39  Marine  
  53  6:44  Marine  
  53  6:45  Command Center  
  54  7:20  Armory  
  54  7:23  Engineering Bay  
  54  7:24  Marine  
  54  7:25  Marine x2  
  24  7:44  Marine  
  24  7:52  Factory Tech Lab  
  24  7:56  Marine x4  
  24  7:58  Marine  
  29  8:04  Marine  
  30  8:20  Thor  
  36  8:35  Terran Infantry Weapons Level 1  
  36  8:40  Marine x3  
  39  8:41  Marine x2  
  39  8:45  Marine  
  42  9:07  Marine x2  
  39  9:29  Marine x3  
  39  9:30  Marine  
  39  9:31  Marine  
  35  9:41  Marine  
  36  9:55  SCV x2  
  36  9:57  Marine  
  36  9:58  Refinery  
  39  10:00  Marine  
  39  10:03  Refinery  
  40  10:09  SCV  
  41  10:22  Marine  
  43  10:28  SCV  
  43  10:43  Marine  
  44  10:51  Marine  
  44  10:52  Marine  
  44  10:54  SCV  
  47  10:59  Marine  
  48  11:09  Marine x3  
  51  11:22  Orbital Command  
  51  11:27  Marine  
  51  11:32  Marine  
  53  11:40  Marine x2  
  50  12:00  Marine x2  
  24  12:12  SCV x2  
  23  12:24  SCV x2  
  23  12:29  Siege Tank  
  26  12:33  Marine  
  27  12:38  Marine x2  
Show
View Real Time Build Order
Export as new Build Order

Blade Zerg - Winner!

Build Orders: Pool First 

Get SALT Encoding   

  12  0:02  Drone  
  13  0:10  Drone  
  14  0:18  Overlord  
  14  0:48  Spawning Pool  
  14  0:49  Drone x3  
  16  1:15  Hatchery, Drone  
  16  1:35  Zergling x6  
  16  1:37  Extractor  
  18  2:05  Zergling x4  
  20  2:09  Queen  
  22  2:27  Overlord x2  
  22  2:49  Roach Warren  
  21  2:57  Drone  
  21  2:58  Drone x2  
  24  3:00  Drone  
  24  3:01  Drone x2  
  27  3:06  Extractor  
  26  3:16  Zergling x2  
  27  3:21  Queen  
  27  3:23  Drone x2  
  31  3:33  Roach  
  31  3:34  Roach x2  
  37  3:41  Drone  
  38  3:57  Roach x3  
  38  3:58  Overlord  
  30  4:26  Zergling x2  
  30  4:27  Zergling x8  
  29  4:41  Zergling x2  
  29  4:42  Zergling x4  
  25  5:09  Roach x3  
  25  5:13  Roach x4  
  25  5:14  Roach  
  40  5:34  Queen  
  40  5:48  Roach x3  
  46  5:51  Roach x3  
  52  6:05  Spine Crawler  
  51  6:15  Spine Crawler  
  50  6:20  Drone x2  
  52  6:26  Overlord x3  
  52  6:39  Overlord  
  52  6:40  Overlord  
  52  6:48  Roach x3  
  58  6:58  Roach x2  
  52  7:40  Roach x3  
  52  7:41  Roach x4  
  52  7:44  Roach x4  
  70  7:58  Hatchery  
  69  8:06  Lair  
  69  8:17  Roach  
  69  8:18  Roach x2  
  75  8:24  Drone x2  
  53  9:29  Zergling x14  
  44  9:32  Drone x3  
  41  9:47  Drone  
  42  9:54  Roach  
  42  9:55  Roach  
  42  9:59  Drone  
  48  10:00  Drone x3  
  50  10:15  Drone x2  
  52  10:33  Drone  
  52  10:34  Drone x2  
  52  10:35  Queen  
  55  10:42  Roach  
  63  10:43  Roach x2  
  63  10:46  Roach x3  
  69  10:52  Zergling x2  
  70  10:58  Roach  
  70  10:59  Roach x2  
  78  11:04  Roach x3  
  82  11:19  Roach  
  82  11:20  Roach x7  
  98  11:36  Overlord x4  
  98  11:42  Glial Reconstitution  
  98  11:44  Overlord  
  98  11:45  Overlord  
  86  12:11  Roach  
  86  12:12  Roach x4  
  96  12:17  Roach x4  
  96  12:18  Roach x2  
Tags
 
Add a new tag
Caveats
  • Supply blocks, unpowered buildings, or Contaminate may cause inaccurate times.
  • Supply counts are checked every 10 seconds.